 Dungeon Crawl Stone Soup version 0.29.1-2-gbd0b4ee654 (webtiles) character file.

Game seed: 16218322219929354085

6678 KittyFluff the Basher (level 11, -17/100 HPs)
             Began as a Gargoyle Berserker on Nov 15, 2022.
             Was a High Priest of Trog.
             Demolished by a very large slime creature (41 damage)
             ... on level 8 of the Dungeon.
             The game lasted 00:53:11 (12223 turns).

KittyFluff the Basher (Gargoyle Berserker)         Turns: 12223, Time: 00:53:12

Health: -17/100    AC: 18    Str: 27    XL:     11   Next: 3%
Magic:  11/11      EV: 14    Int:  8    God:    Trog [*****.]
Gold:   427        SH:  0    Dex: 13    Spells: 10/10 levels left

rFire   . . .      SeeInvis +   O - +1 flail (holy)
rCold   . . .      Faith    .   (no shield)
rNeg    + . .      Spirit   .   T - +0 steam dragon scales
rPois   ∞          Reflect  .   E - +0 helmet
rElec   +          Harm     .   R - +0 cloak
rCorr   .          Rampage  .   e - +0 pair of gloves
Will    .....                   (no boots)
Stlth   ..........              (no amulet)
HPRegen 0.26/turn               s - +6 ring of strength
MPRegen 0.12/turn               N - ring of see invisible

@: berserking, very quick
A: sickness immunity, AC +8, negative energy resistance 1, electricity
resistance, torment resistance 1, petrification resistance
a: Renounce Religion, Berserk, Trog's Hand, Brothers in Arms


You were on level 8 of the Dungeon.
You worshipped Trog.
Trog was extremely pleased with you.
You visited 1 branch of the dungeon, and saw 9 of its levels.
You also visited: Sewer and Ossuary.

You collected 427 gold pieces.

Inventory:

Hand Weapons
 r - a +0 eveningstar
 B - a +0 sling
 F - the +4 spear of the Crushed Artists {vorpal, rF++ SInv}
   (You found it on level 4 of the Dungeon)

   It inflicts extra damage upon your enemies.
   rF:        It greatly protects you from fire.
   SInv:      It lets you see invisible.
 I - a +0 dire flail
 O - a +1 flail of holy wrath (weapon)
 Q - a +4 quarterstaff of chaos
 S - a +0 morningstar
 U - a +0 morningstar
Missiles
 f - 12 boomerangs (quivered)
 g - 33 poisoned darts
 h - 3 curare-tipped darts
 M - 6 atropa-tipped darts
Armour
 e - a +0 pair of gloves (worn)
 m - a +0 leather armour
 E - a +0 helmet (worn)
 K - the +2 robe of Disaster {rElec Will- Regen+ Slay-2}
   (You found it on level 5 of the Dungeon)

   Slay:      It affects your accuracy & damage with ranged weapons and melee
   (-2).
   rElec:     It insulates you from electricity.
   Regen:     It increases your rate of health regeneration.
   Will:      It decreases your willpower.
 R - a +0 cloak (worn)
 T - +0 steam dragon scales (worn)
Jewellery
 s - a +6 ring of strength (left hand)
 t - a ring of flight
 N - a ring of see invisible (right hand)
Wands
 J - a wand of quicksilver (22)
 V - a wand of roots (11)
Scrolls
 a - a scroll of silence {unknown}
 j - 2 scrolls of blinking {unknown}
 k - 3 scrolls of identify {unknown}
 o - 3 scrolls of immolation
 p - 2 scrolls of poison
 u - 2 scrolls of enchant armour {unknown}
 v - 5 scrolls of teleportation
 y - 2 scrolls of butterflies
 A - a scroll of vulnerability {unknown}
 D - 2 scrolls of fear {unknown}
 G - 2 scrolls of enchant weapon {unknown}
 H - 3 scrolls of magic mapping
 L - a scroll of acquirement {unknown}
 P - a scroll of amnesia {unknown}
Potions
 b - 3 potions of degeneration {unknown}
 c - 6 potions of curing
 d - a potion of haste
 i - 3 potions of cancellation {unknown}
 l - 2 potions of resistance {unknown}
 n - 5 potions of heal wounds
 q - 2 potions of attraction {unknown}
 w - 2 potions of brilliance {unknown}
 x - 3 potions of lignification {unknown}
 z - 2 potions of flight {unknown}
 C - 2 potions of mutation {unknown}


   Skills:
 + Level 7.6 Fighting
 * Level 11.2 Maces & Flails
 + Level 1.3 Throwing
 * Level 7.9 Armour
 + Level 6.2 Dodging
 + Level 4.2 Stealth


You had 10 spell levels left.
You didn't know any spells.
Your spell library was empty.

Dungeon Overview and Level Annotations

Branches:
Dungeon (9/15)             Temple (0/1) D:5           Sewer (visited)
Ossuary (visited)
   Lair: D:8-11         Orc: D:9-12

Altars:
Hepliaklqana
Ru
Uskayaw
Vehumet

Shops:
D:1 [

Annotations:
D:9 Prince Ribbit


Innate Abilities, Weirdness & Mutations

You are immune to sickness and miasma.
Your stone body is resilient. (AC +8)
You are immune to poison.
You resist negative energy. (rN+)
You are resistant to electric shocks. (rElec)
You are resistant to unholy torment.
You are immune to petrification.


Message History

The slime creature is lightly wounded.
The slime creature barely misses you.
Two slime creatures merge to form a large slime creature.
You hit the large slime creature.
Your punch misses the large slime creature.
The large slime creature is lightly wounded.
You barely miss the large slime creature.
The large slime creature is lightly wounded.
A large slime creature splits.
The large slime creature hits you!
You thump the large slime creature!
The large slime creature is lightly wounded.
You hit the large slime creature.
The large slime creature is lightly wounded.
Two slime creatures merge to form a very large slime creature.
A red film seems to cover your vision as you go berserk!
You feel yourself moving faster!
You feel mighty!
The slime creature hits you but does no damage.
You barely miss the very large slime creature.
The very large slime creature is lightly wounded.
The slime creature hits you!
The very large slime creature closely misses you.
You sock the very large slime creature!
The very large slime creature is lightly wounded.
You hit the very large slime creature.
The very large slime creature is moderately wounded.
The slime creature misses you.
The very large slime creature hits you but does no damage.
You barely miss the very large slime creature.
The very large slime creature is moderately wounded.
The slime creature hits you.
The very large slime creature hits you!!!
* * * LOW HITPOINT WARNING * * *
You hear an angry buzzing noise. x2
You bludgeon the very large slime creature!!
The very large slime creature is moderately wounded.
You sock the very large slime creature!
The very large slime creature is heavily wounded.
The slime creature hits you but does no damage.
The very large slime creature hits you!!!
You die...

......................#'###
..........................#
......##+######...........#
......# +...........#
......# #....<......#
......# #######...........#
##..............###########
#..............#...+
#.............J@...#
#.............J#...#
.......J#+######
...#####..JJ.... ...
#..J.JJ.. .. #.....y..
#....J... #........
#########


You could see a very large slime creature and 2 slime creatures.

Vanquished Creatures
  A two-headed ogre (D:8)
  A gargoyle (D:7)
  2 unseen horrors (D:7)
  A hornet (D:9)
  A slime creature (D:5)
  Grinder (D:5)
  A wyvern (D:8)
  Eustachio (D:5)
  2 steam dragons
  2 water moccasins
  2 sky beasts
  3 ice beasts
  2 ogres
  2 centaurs (D:7)
  9 kobold brigands
  A bullfrog (D:7)
  Blork the orc (D:5)
  2 necrophages
  5 scorpions
  2 water moccasin zombies (Ossuary)
  6 wights
  3 killer bees (D:8)
  3 howler monkeys
  5 centaur zombies (Ossuary)
  A bullfrog zombie (Ossuary)
  5 hounds
  5 jellies
  5 orc priests
  Crazy Yiuf (D:7)
  2 gnoll boudas
  4 iguanas
  5 orc wizards
  Robin (D:4)
  11 adders
  7 gnolls
  2 river rats (Sewer)
  2 white imps (D:7)
  2 ufetubi
  2 adder zombies (Ossuary)
  9 worms
  2 dart slugs
  18 orcs
  8 bats
  16 endoplasms
  A giant cockroach (D:3)
  5 gnoll zombies (Ossuary)
  11 goblins
  8 hobgoblins
  5 jackals
  21 kobolds
  3 quokkas
  9 ball pythons
  7 frilled lizards
  5 goblin zombies
  3 hobgoblin zombies (Ossuary)
  4 orc zombies (Ossuary)
  9 rats
  A rat zombie (D:4)
259 creatures vanquished.

Vanquished Creatures (others)
  A howler monkey (D:7)
  A jelly (D:7)
  5 fungi
  13 plants (Sewer)
  10 toadstools (D:6)
30 creatures vanquished.

Grand Total: 289 creatures vanquished

Notes
Turn   | Place    | Note
-------+----------+-------------------------------------------
     0 | D:1      | KittyFluff the Gargoyle Berserker began the quest for the
                  | Orb.
     0 | D:1      | Reached XP level 1. HP: 14/14 MP: 1/1
   301 | D:1      | Reached XP level 2. HP: 19/19 MP: 2/2
   572 | D:1      | Found a faded altar of an unknown god.
   638 | D:1      | Found Nuopych's Antique Armour Boutique.
  1111 | D:2      | Reached XP level 3. HP: 18/24 MP: 3/3
  1985 | D:2      | Reached XP level 4. HP: 26/29 MP: 4/4
  2574 | D:3      | Reached skill level 4 in Maces & Flails
  2658 | D:3      | Reached ** piety under Trog
  2778 | D:3      | Found a sacrificial altar of Ru.
  2789 | D:3      | Reached XP level 5. HP: 24/33 MP: 5/5
  3248 | D:3      | Found a hazy altar of Hepliaklqana.
  3248 | D:3      | Found a radiant altar of Vehumet.
  3430 | D:3      | Found a hide-covered altar of Uskayaw.
  3754 | D:4      | Reached skill level 1 in Stealth
  3754 | D:4      | Found a sand-covered staircase.
  3781 | Ossuary  | Entered an ossuary
  3901 | Ossuary  | Reached XP level 6. HP: 38/38 MP: 6/6
  4239 | Ossuary  | Reached skill level 5 in Maces & Flails
  4402 | Ossuary  | Reached *** piety under Trog
  4421 | Ossuary  | Reached XP level 7. HP: 39/43 MP: 7/7
  4449 | Ossuary  | Reached skill level 1 in Throwing
  4604 | Ossuary  | Noticed a silent spectre
  5270 | D:4      | Noticed Robin
  5293 | D:4      | Killed Robin
  5411 | D:4      | Identified the +4 spear of the Crushed Artists {vorpal,
                  | rF++ SInv}
  5844 | D:5      | Entered Level 5 of the Dungeon
  6023 | D:5      | Found a glowing drain.
  6032 | Sewer    | Entered a sewer
  6053 | Sewer    | Reached skill level 6 in Maces & Flails
  6053 | Sewer    | Reached XP level 8. HP: 33/48 MP: 8/8
  6669 | D:5      | Reached skill level 5 in Armour
  6672 | D:5      | Reached **** piety under Trog
  6896 | D:5      | Reached skill level 5 in Fighting
  6951 | D:5      | Noticed Blork the orc
  6957 | D:5      | Killed Blork the orc
  7168 | D:5      | Found a staircase to the Ecumenical Temple.
  7204 | D:5      | Reached skill level 7 in Maces & Flails
  7239 | D:5      | Identified the +2 robe of Disaster {rElec Will- Regen+
                  | Slay-2}
  7447 | D:5      | Noticed Grinder
  7473 | D:5      | Paralysed by Grinder for 5 turns
  7480 | D:5      | Paralysed by Grinder for 5 turns
  7669 | D:5      | Killed Grinder
  7670 | D:5      | Reached XP level 9. HP: 54/54 MP: 9/9
  7726 | D:5      | Noticed Eustachio
  7748 | D:5      | Killed Eustachio
  7897 | D:6      | Reached skill level 8 in Maces & Flails
  8094 | D:6      | Reached skill level 5 in Dodging
  8625 | D:5      | Reached skill level 9 in Maces & Flails
  8889 | D:7      | Noticed an unseen horror
  8911 | D:7      | Reached XP level 10. HP: 61/61 MP: 10/10
  8914 | D:7      | Killed an unseen horror
  9718 | D:7      | Found a runed translucent door.
  9719 | D:7      | Noticed Crazy Yiuf
  9727 | D:7      | Killed Crazy Yiuf
 10111 | D:7      | Noticed a gargoyle
 10138 | D:7      | Killed a gargoyle
 10177 | D:7      | Noticed an unseen horror
 10205 | D:7      | Killed an unseen horror
 10206 | D:7      | Reached skill level 10 in Maces & Flails
 10605 | D:8      | You fall into a shaft and drop 1 floor!
 10648 | D:9      | Reached ***** piety under Trog
 10851 | D:9      | Noticed Prince Ribbit
 11853 | D:8      | Noticed a two-headed ogre
 11867 | D:8      | Killed a two-headed ogre
 11870 | D:8      | Reached skill level 11 in Maces & Flails
 11875 | D:8      | Reached XP level 11. HP: 67/67 MP: 11/11
 12223 | D:8      | Demolished by a very large slime creature

Illustrated notes

Levels and vault maps discovered:
D:1:      saegor_arrival_miasma, layout_rooms, serial_shops, shop,
          hellmonk_ecumenical_altar_lost_god
D:2:      layout_loops_corners
D:3:      layout_basic, nicolae_overflow_hidden_temple,
          nicolae_ru_great_annihilating_truth,
          hangedman_abyss_or_decor_lesser_grid
D:4:      layout_loops_corners, enter_ossuary_4, uniq_robin
D:5:      layout_loops_ring, minmay_temple_entry_sparse_star,
          gup_sewer_entry_bubbles, nicolae_wormholes, uniq_grinder,
          uniq_eustachio, uniq_blork_the_orc
D:6:      cheibrodos_fertilizer, layout_basic
D:7:      minmay_chambers_of_sixes, layout_basic, uniq_crazy_yiuf_cottage
D:8:      layout_gridville, lair_entry_dummy
D:9:      nzn_winding_woodlands_three_and_one
          [nzn_winding_woodlands_5x15_split_checker,
          nzn_winding_woodlands_5x15_sidewinder,
          nzn_winding_woodlands_5x15_pool,
          nzn_winding_woodlands_center_triple_pond], layout_basic, uniq_erica,
          uniq_prince_ribbit1, uniq_maurice

Skill      XL: |  1  2  3  4  5  6  7  8  9 10 |
---------------+-------------------------------+-----
Dodging        | 2 3 4 5 6 |  6.2
Maces & Flails | 4 5 6 7 9 11 | 11.2
Fighting       | 4 5 6 7 |  7.6
Armour         | 3 4 5 6 7 |  7.9
Stealth        | 1 3 4 |  4.2
Throwing       | 1 |  1.3

Action                   |  1- 3 |  4- 6 |  7- 9 | 10-12 || total
-------------------------+-------+-------+-------+-------++-------
Melee: Mace              |   115 |   201 |   536 |       ||   852
       Punch             |       |     3 |    14 |     4 ||    21
       Flail             |       |       |   123 |   226 ||   349
Throw: Boomerang         |       |    26 |     4 |       ||    30
Invok: Berserk           |       |       |     4 |     5 ||     9
  Use: Scroll            |       |     2 |     2 |     3 ||     7
       Potion            |       |     1 |     3 |       ||     4
 Stab: Paralysed         |       |     3 |       |       ||     3
       Sleeping          |       |       |     6 |     2 ||     8
       Distracted        |       |       |     1 |       ||     1
Armor: Animal skin       |    57 |   144 |   123 |       ||   324
       Robe              |       |       |   149 |    42 ||   191
       Steam dragon scal |       |       |       |    57 ||    57
Dodge: Dodged            |    88 |   197 |   460 |   154 ||   899
